 Dungeon Crawl Stone Soup version 0.19.0-19-g8c6edcc (webtiles) character file.

338 Leybi the Sneak (level 6, 0/30 HPs)
             Began as a Vine Stalker Assassin on Nov 13, 2016.
             Slain by a worker ant (6 damage)
             ... on level 4 of the Dungeon.
             The game lasted 00:15:09 (4144 turns).

Leybi the Sneak (Vine Stalker Assassin)             Turns: 4144, Time: 00:15:10

Health: 0/30       AC:  7    Str:  9    XL:     6   Next: 55%
Magic:  0/7        EV: 14    Int: 11    God:
Gold:   279        SH:  0    Dex: 13    Spells: 0 memorised, 5 levels left

rFire  . . .     SeeInvis +     K - +9 dagger "Qaepyseh" {pierce, rC+++ rN+ Dex-5}
rCold  + + +     Gourm    .     c - +0 robe
rNeg   + . .     Faith    .     (no shield)
rPois  .         Spirit   +     (no helmet)
rElec  .         Reflect  .     A - +2 cloak
rCorr  .         Harm     .     d - +1 pair of gloves
MR     .....                    (no boots)
Stlth  +++.......               (no amulet)
                                h - -4 ring of strength (curse)
                                z - ring of see invisible

@: no status effects
A: fangs 2, regeneration 1, magic shield, antimagic bite, no device heal 3, rot
immunity
a: no special abilities


You were on level 4 of the Dungeon.
You were not hungry.

You visited 1 branch of the dungeon, and saw 5 of its levels.

You collected 279 gold pieces.

Inventory:

Hand Weapons
 a - a +3 dagger
 b - a +0 blowgun
 F - the +3 falchion "Jopty" {freeze, *Contam +Rage Int+4 Dex+4, unknown}
   (You found it on level 4 of the Dungeon)

   It has been specially enchanted to freeze those struck by it, causing extra
   injury to most foes and up to half again as much damage against particularly
   susceptible opponents.
   It can also slow down cold-blooded creatures.
   It affects your intelligence (+4).
   It affects your dexterity (+4).
   It lets you go berserk.
   It causes magical contamination when unequipped.
 K - the +9 dagger "Qaepyseh" (weapon) {pierce, rC+++ rN+ Dex-5}
   (You found it on level 4 of the Dungeon)

   It inflicts extra damage upon your enemies.
   It affects your dexterity (-5).
   It renders you almost immune to cold.
   It protects you from negative energy.
Missiles
 e - 30 poisoned needles
 f - 6 curare-tipped needles
Armour
 c - a +0 robe (worn)
 d - a +1 pair of gloves (worn)
 A - a +2 cloak (worn)
Jewellery
 h - a cursed -4 ring of strength (right hand)
 v - an uncursed amulet of faith {unknown}
 z - a ring of see invisible (left hand)
Scrolls
 k - 2 scrolls of immolation
 l - 2 scrolls of blinking
 n - a scroll of noise {unknown}
 p - a scroll of amnesia {unknown}
 t - a scroll of enchant armour
 w - a scroll of magic mapping {unknown}
 y - 2 scrolls of enchant weapon
 C - a scroll of fear {unknown}
 D - a scroll of teleportation {unknown}
 G - a scroll of remove curse
 H - a scroll of random uselessness {unknown}
 I - a scroll of identify
 J - a scroll of fog {unknown}
Potions
 i - 2 potions of heal wounds {unknown}
 m - 2 potions of agility {unknown}
 r - 2 potions of haste {unknown}
 u - 2 potions of degeneration {unknown}
 B - a potion of might {unknown}
 E - a potion of lignification {unknown}
Comestibles
 g - 2 bread rations
 j - a meat ration
 o - a slice of pizza
 q - 4 chunks of flesh
 s - 3 fruits
 x - a beef jerky


   Skills:
 - Level 2.0 Fighting
 + Level 3.6 Short Blades
 - Level 1.7 Throwing
 * Level 4.0 Dodging
 - Level 5.3 Stealth


You had 5 spell levels left.
You didn't know any spells.

Dungeon Overview and Level Annotations

Branches:
Dungeon (5/15)
 Temple: D:4-7

Altars:
Xom

Annotations:
D:3 azzavlup's ghost, amateur VSAr


Innate Abilities, Weirdness & Mutations

You have extremely sharp teeth.
Your natural rate of healing is unusually fast.
When hurt, damage is shared between your health and your magic reserves.
Your bite disrupts and absorbs the magic of your enemies.
Potions and wands cannot restore your health.
You are immune to rotting.


Message History

The centaur shoots an arrow.
The arrow barely misses you. The worker ant closely misses you.
The centaur shoots an arrow.
The arrow hits you!
You see here an arrow.
The centaur shoots an arrow.
The arrow hits you!
* * * LOW HITPOINT WARNING * * *
The worker ant bites you but does no damage.
You see here an arrow.
The worker ant closely misses you. The worker ant bites you.
* * * LOW HITPOINT WARNING * * *
There is a stone staircase leading up here.
The worker ant waves its antennae.
The worker ant barely misses you.
You climb upwards.
There is a stone staircase leading down here.
You barely miss the worker ant.
The worker ant is severely wounded.
The worker ant bites you!
You die...

........#
######..# #..#
#..# #..# # #..#
# #..# #
####..##########
#
#............a@#
#
#.############.#
# #.# #.# # #.#
#.# # #.# #.# #
#.# #.# # #.#
#.# ###.# #.#
..#.# #.#


You could see a worker ant.

Vanquished Creatures
  3 hounds
  Jessica (D:3)
  7 gnolls
  2 adders (D:2)
  A howler monkey skeleton (D:4)
  An ooze (D:2)
  An adder skeleton (D:4)
  4 worms
  3 dart slugs
  4 leopard geckos
  An orc (D:3)
  A ball python (D:2)
  12 bats
  8 giant cockroaches
  6 goblins
  12 hobgoblins
  7 jackals
  11 kobolds
  3 quokkas
  4 frilled lizards
  A jackal skeleton (D:4)
  A quokka zombie (D:5)
  5 rats
99 creatures vanquished.

Notes
Turn   | Place    | Note
-------+----------+-------------------------------------------
     0 | D:1      | Leybi the Vine Stalker Assassin began the quest for the Orb.
     0 | D:1      | Reached XP level 1. HP: 11/11 MP: 2/2
     1 | D:1      | Found a runed door.
    21 | D:2      | Reached skill level 5 in Stealth
   283 | D:2      | Reached XP level 2. HP: 1/15 MP: 1/3
   712 | D:1      | Reached skill level 1 in Dodging
   751 | D:1      | Reached XP level 3. HP: 16/18 MP: 4/4
  1494 | D:2      | Gained mutation: Your natural rate of healing is unusually fast. [Vine Stalker growth]
  1494 | D:2      | Reached XP level 4. HP: 23/23 MP: 5/5
  1760 | D:2      | Found a shimmering altar of Xom.
  2383 | D:3      | Noticed Jessica
  2388 | D:3      | Killed Jessica
  2388 | D:3      | Reached XP level 5. HP: 26/26 MP: 6/6
  2582 | D:3      | Noticed azzavlup's ghost (amateur VSAr)
  3315 | D:4      | Reached XP level 6. HP: 26/30 MP: 5/7
  3518 | D:4      | Got a slimy falchion
  3939 | D:4      | Got a crude dagger
  3940 | D:4      | Identified the +9 dagger "Qaepyseh" {pierce, rC+++ rN+ Dex-5} (You found it on level 4 of the Dungeon)
  4099 | D:5      | Entered Level 5 of the Dungeon
  4144 | D:4      | Slain by a worker ant

Skill      XL: |  1  2  3  4  5  6 |
---------------+-------------------+-----
Stealth        | 5 |  5.3
Fighting       | 2 |  2.0
Short Blades   | 2 3 |  3.6
Dodging        | 1 2 3 4 |  4.0
Throwing       | |  1.7

Action                   |  1- 3 |  4- 6 || total
-------------------------+-------+-------++-------
Melee: Dagger            |   115 |   166 ||   281
       Bite              |    29 |    39 ||    68
 Fire: Blowgun           |       |    10 ||    10
  Use: Scroll            |       |     6 ||     6
 Stab: Sleeping          |     4 |    15 ||    19
       Distracted        |       |     3 ||     3
  Eat: Chunk             |     2 |     8 ||    10
Armor: Robe              |    31 |    37 ||    68
Dodge: Dodged            |    83 |   112 ||   195
